[Event "Early-Titled-Tuesday-Blitz-February-20-2024"]
[Site "Chess.com"]
[Date "2024.02.20"]
[Round "8"]
[White "BashirliSaadat"]
[Black "Zallio"]
[Result "1-0"]
[WhiteElo "2354"]
[BlackElo "2157"]
[TimeControl "180+1"]
[EndTime "9:30:16 PST"]
[Termination "BashirliSaadat won by resignation"]

1. e4 e6 2. d4 d5 3. Nc3 Bb4 4. Ne2 dxe4 5. a3 Bxc3+ 6. Nxc3 Nf6 7. Bg5 h6 8. Bxf6 Qxf6 9. Nxe4 Qg6 10. Nc3 O-O 11.
Qd2 Bd7 12. O-O-O Rd8 13. Bd3 Qg5 14. f4 Qa5 15. Qf2 Nc6 16. Be4 b5 17. Qf3 Qb6 18.
d5 Nd4 19. Qd3 c5 20. dxe6 Bxe6 21. Bxa8 Rxa8 22. Qe4 Rb8 23. Qe5 b4 24. Na4 Qb5 25.
axb4 Qxb4 26. Rd3 Nc6 27. Qc7 Qxa4 28. Ra3 Qe4 29. Rd1 Rc8 30. Qb7 Nb4 31. Qxe4 Re8 32. Qf3 Rd8 33. Rxd8+ Kh7 34. Qe4+ 1-0

[Event "Early-Titled-Tuesday-Blitz-February-20-2024"]
[Site "Chess.com"]
[Date "2024.02.20"]
[Round "8"]
[White "Cambek64"]
[Black "yuriydovzik"]
[Result "1-0"]
[WhiteElo "2471"]
[BlackElo "2158"]
[TimeControl "180+1"]
[EndTime "9:30:17 PST"]
[Termination "Cambek64 won on time"]

1. c4 a6 2. Nc3 c5 3. e4 Nc6 4.
Nf3 g6 5. d4 cxd4 6. Nxd4 Bg7 7. Be3 d6 8. Qd2 Bd7 9. Be2 Rc8 10. Rc1 Ne5 11. b3 Nf6 12. h3 O-O 13. O-O Nc6 14. f4 e5 15. Nxc6 Bxc6 16. Bf3 exf4 17. Bxf4 Re8 18. Rfe1 Qb6+ 19. Kh1 Rcd8 20. Nd5 Bxd5 21.
exd5 Nd7 22. b4 Rxe1+ 23. Rxe1 Ne5 24. Bxe5 Bxe5 25. c5 Qc7 26. c6 b5 27. Qc2 Qe7 28. Qf2 h5 29. g3 Qg5 30. Kg2 Rc8 31. h4 Qf5 32. Be4 1-0

[Event "Early-Titled-Tuesday-Blitz-February-20-2024"]
[Site "Chess.com"]
[Date "2024.02.20"]
[Round "8"]
[White "Chessdude1987"]
[Black "ozates"]
[Result "1-0"]
[WhiteElo "2349"]
[BlackElo "2570"]
[TimeControl "180+1"]
[EndTime "9:30:19 PST"]
[Termination "Chessdude1987 won by resignation"]

1. e4 e5 2. Nf3 Nc6 3. d4 exd4 4. Nxd4 Nf6 5. Nc3 Bb4 6. Nxc6 bxc6 7. Bd3 d5 8. exd5 O-O 9. O-O Bg4 10. Qd2 cxd5 11. h3 Be6 12. Qg5 h6 13. Qh4 Be7 14. Qg3 Bd6 15. Qh4 Nd7 16. Qh5 Qf6 17. Nxd5 Bxd5 18. Qxd5 Ne5 19. Qe4 g6 20. Bxh6 Rfe8 21.
Qf4 Qe6 22. Qh4 Rab8 23. Bg5 Rb4 24. f4 Nxd3 25. Bf6 Qxf6 26. Qxf6 Nxf4 27. Rae1 Ne2+ 28.
Rxe2 Rxe2 29. Qxf7+ Kh8 30. Qf6+ Kh7 31. Qf7+ Kh6 32.
Qg8 Be5 33. Qf8+ Bg7 34. Qxb4 Rxc2 35. Qf4+ Kh7 36. h4 Rxb2 37. Qe4 Kh6 38. Qf4+ Kh7 39. Qxc7 Kh6 40. Qxa7 Rb4 41. Qe3+ Kh7 42. Rf7 Rb1+ 43. Kh2 Kg8 44. Rxg7+ Kxg7 45. Qe5+ Kh6 46. Kh3 Rd1 47.
Qg5+ Kh7 48. Qe7+ Kh6 49. g4 Rd3+ 50. Kg2 Rd2+ 51. Kf3 Rd3+ 52. Ke4 1-0

[Event "Early-Titled-Tuesday-Blitz-February-20-2024"]
[Site "Chess.com"]
[Date "2024.02.20"]
[Round "8"]
[White "Shield12"]
[Black "fighter2jz"]
[Result "0-1"]
[WhiteElo "2970"]
[BlackElo "2814"]
[TimeControl "180+1"]
[EndTime "9:30:20 PST"]
[Termination "fighter2jz won by resignation"]

1. e4 c5 2. Nf3 Nc6 3. Bb5 e6 4. Bxc6 bxc6 5. d3 Ne7 6. Nbd2 Ng6 7. h4 h5 8. e5 f6 9. Qe2 d5 10. exd6 Bxd6 11. b3 Nf4 12. Qf1 Be5 13. Rb1 Bc3 14. Bb2 Qa5 15. g3 Nd5 16. Qe2 Qxa2 17. O-O Bxb2 18.
Qe4 Bc3 19. Qg6+ Kf8 20. Nc4 Rh6 21. Qe4 Qa6 22. Nd6 Bd7 23. d4 cxd4 24. Nxd4 f5 25. Qe2 Qxe2 26. Nxe2 Be5 27. Nc4 Bc7 28. Ra1 e5 29.
Rfd1 f4 30. Nd2 Bg4 31. Re1 Bxe2 32. Rxe2 fxg3 33. fxg3 Rf6 34. Ne4 Rf3 35. Kg2 Re3 36. Rf2+ Kg8 37. Ng5 e4 38. Rf7 Rxg3+ 39. Kf2 Rxg5 0-1

[Event "Early-Titled-Tuesday-Blitz-February-20-2024"]
[Site "Chess.com"]
[Date "2024.02.20"]
[Round "8"]
[White "Alexchess1984"]
[Black "Rakhmanov_Aleksandr"]
[Result "0-1"]
[WhiteElo "2657"]
[BlackElo "2869"]
[TimeControl "180+1"]
[EndTime "9:30:21 PST"]
[Termination "Rakhmanov_Aleksandr won by checkmate"]

1. e4 c5 2. c3 e6 3. d4 d5 4. e5 Nc6 5. Nf3 Qb6 6. Be2 cxd4 7.
cxd4 Nh6 8. Bxh6 Qxb2 9. Nbd2 gxh6 10. O-O Bg7 11. Re1 O-O 12. Nf1 Bd7 13. Ng3 f6 14.
Rb1 Qxa2 15. exf6 Bxf6 16. Rxb7 Rf7 17. Nh5 Bh8 18. Bd3 Nxd4 19. Nxd4 Qxf2+ 20. Kh1 Qxd4 21. Qb1 Qg4 22. Be2 Qh4 23. Rb8+ Rxb8 24. Qxb8+ Rf8 25. Qb1 Be5 26. h3 Be8 27. g3 Qxh3+ 28. Kg1 Bd4# 0-1

[Event "Early-Titled-Tuesday-Blitz-February-20-2024"]
[Site "Chess.com"]
[Date "2024.02.20"]
[Round "8"]
[White "Cubitas"]
[Black "HeroWilczek"]
[Result "1-0"]
[WhiteElo "2638"]
[BlackElo "2464"]
[TimeControl "180+1"]
[EndTime "9:30:21 PST"]
[Termination "Cubitas won on time"]

1. e4 c6 2. Nf3 d5 3. exd5 cxd5 4. Ne5 Nc6 5. d4 Nxe5 6. dxe5 e6 7. Bd3 Bc5 8. Qg4 g6 9. O-O h5 10. Qf4 Nh6 11. Nd2 Nf5 12. Nf3 Bd7 13. Rd1 Qb6 14. Ng5 Be7 15. a4 h4 16. h3 Rh5 17. Nf3 Bc5 18.
a5 Bxf2+ 19. Kf1 Ne3+ 20. Ke2 Nxg2 21. axb6 Nxf4+ 22. Bxf4 Bxb6 23. Bg5 Bc6 24. Bf6 Bd8 25. Nd4 Bxf6 26. exf6 Kd7 27. c4 a6 28. b4 e5 29.
cxd5 Bxd5 30. Nc2 Ke6 31. Ne3 Bc6 32. Bc4+ Kxf6 33. Rf1+ Kg7 34. Rxf7+ Kh8 35. Rg1 Be4 36. Rd1 Bc6 37. Rd6 Rh7 38. Rxg6 Rxf7 39. Bxf7 a5 40. Nf5 Bb5+ 41. Ke1 Ra6 42. Be6 1-0

[Event "Early-Titled-Tuesday-Blitz-February-20-2024"]
[Site "Chess.com"]
[Date "2024.02.20"]
[Round "8"]
[White "Agentxya"]
[Black "nicolasbatista3"]
[Result "1-0"]
[WhiteElo "2244"]
[BlackElo "2391"]
[TimeControl "180+1"]
[EndTime "9:30:22 PST"]
[Termination "Agentxya won by resignation"]

1. e4 c6 2. d4 d5 3. e5 c5 4.
dxc5 e6 5. a3 Bxc5 6. Qg4 g6 7.
Bd3 h5 8. Qe2 Nc6 9. Nf3 Qb6 10.
b4 Bf8 11. O-O Bg7 12. Bb2 Nge7 13. Nbd2 O-O 14. c4 dxc4 15. Nxc4 Qc7 16. Rac1 a6 17. Nd6 Nd5 18. Qc2 Qe7 19. Rfe1 h4 20.
h3 Rb8 21. Qc4 Bd7 22. Qxh4 Qxh4 23. Nxh4 Nxe5 24. Bxe5 Bxe5 25. Rxe5 Nf4 26. Bf1 Rfd8 27. Rec5 Bc6 28. Nc4 Rd4 29. Ne5 Bb5 30. Bxb5 axb5 31. Kf1 Kg7 32. Nhf3 Rdd8 33. Rc7 Rf8 34. Rd7 Nd5 35.
Nd4 Kf6 36. Ng4+ Kg7 37. Nxe6+ Kg8 38. Nxf8 Rxf8 39. Rxd5 Ra8 40. Nf6+ Kg7 41. Nd7 Rxa3 42. Rxb5 Rb3 43. Rxb7 1-0

[Event "Early-Titled-Tuesday-Blitz-February-20-2024"]
[Site "Chess.com"]
[Date "2024.02.20"]
[Round "8"]
[White "TioCridineno"]
[Black "Yushko_Olga"]
[Result "1-0"]
[WhiteElo "2389"]
[BlackElo "2193"]
[TimeControl "180+1"]
[EndTime "9:30:22 PST"]
[Termination "TioCridineno won by checkmate"]

1. e4 e6 2. d4 d5 3. Nc3 Nf6 4. e5 Nfd7 5. Nce2 c5 6. c3 Nc6 7. Nf3 Qb6 8. a3 cxd4 9. cxd4 Be7 10. h4 f6 11. Nf4 Na5 12. Bd3 fxe5 13. dxe5 Nc5 14.
Ng5 Nxd3+ 15. Qxd3 Bd7 16. b4 Nc4 17. Qe2 h6 18.
Ng6 Rg8 19. Nf3 Bb5 20. Qc2 Qc7 21. Bf4 O-O-O 22. Rc1 Kb8 23. O-O Ka8 24. a4 Be8 25. b5 Qa5 26. Nxe7 Rf8 27. Bg3 a6 28. bxa6 bxa6 29.
Ng6 Rg8 30. Nf4 Bxa4 31. Qa2 Rge8 32. Ra1 Nb6 33. Nd4 Qb4 34. Nfe2 Rb8 35. Rab1 Qa5 36. Rfc1 Nc4 37. Bf4 g5 38. hxg5 hxg5 39. Be3 g4 40.
Ng3 Rh8 41. Nxe6 Nxe3 42. fxe3 Rh6 43. Nf4 Rbh8 44. Kf2 Rf8 45. Ne2 Rh7 46. Kg3 Rh6 47. Qb2 Rfh8 48. Qb7# 1-0

[Event "Early-Titled-Tuesday-Blitz-February-20-2024"]
[Site "Chess.com"]
[Date "2024.02.20"]
[Round "8"]
[White "sergoy"]
[Black "DuleMudule"]
[Result "1-0"]
[WhiteElo "3002"]
[BlackElo "2860"]
[TimeControl "180+1"]
[EndTime "9:30:24 PST"]
[Termination "sergoy won on time"]

1. c4 e5 2. Nc3 Nc6 3. Nf3 g6 4.
e3 Bg7 5. d4 d6 6. Be2 exd4 7.
exd4 Nf6 8. d5 Ne7 9. h3 O-O 10. g4 Nd7 11. Be3 a6 12. Qd2 b5 13.
Bh6 bxc4 14. Bxg7 Kxg7 15. Qd4+ f6 16. O-O Ne5 17. Nd2 c5 18. Qe3 h5 19. f4 Nd3 20.
Nxc4 Nb4 21. Qd2 hxg4 22. hxg4 Rh8 23. Kg2 Rb8 24. Bf3 a5 25. a3 Ba6 26. b3 Bxc4 27. bxc4 Na6 28. Rab1 Nc7 29. Ne4 Qd7 30. Qc3 Ncxd5 31.
cxd5 Nxd5 32. Qd2 Qe6 33. Rxb8 Rxb8 34. Rd1 Ne7 35. Qxd6 Rb2+ 36. Kg3 Qf7 37. Qxc5 g5 38. fxg5 f5 39. Qe5+ 1-0

[Event "Early-Titled-Tuesday-Blitz-February-20-2024"]
[Site "Chess.com"]
[Date "2024.02.20"]
[Round "8"]
[White "Licancabur"]
[Black "mortngabriel"]
[Result "1-0"]
[WhiteElo "2422"]
[BlackElo "2513"]
[TimeControl "180+1"]
[EndTime "9:30:24 PST"]
[Termination "Licancabur won by resignation"]

1. d4 Nf6 2. Bg5 d5 3. e3 c5 4.
Bxf6 gxf6 5. dxc5 Nc6 6. Nf3 e5 7. Nc3 Be6 8. Qd2 Bxc5 9. O-O-O Ne7 10. Bb5+ Kf8 11. e4 d4 12. Qh6+ Kg8 13. Qxf6 Ng6 14.
Qxd8+ Rxd8 15. h4 Kg7 16. Ne2 f6 17. h5 Ne7 18. Kb1 Kf7 19. Nh4 Rhg8 20. g3 Bg4 21. f3 Be6 22. g4 a6 23. Ba4 Bc4 24. Bb3 b5 25. Nc1 Ke6 26. Nd3 Bd6 27. Rhe1 Rc8 28.
Nf5 Nxf5 29. exf5+ Kd5 30. Nf2 a5 31. Ne4 Be7 32.
c3 a4 33. Bxc4+ bxc4 34. cxd4 exd4 35. Nc3+ Kd6 36. Rxd4+ 1-0

[Event "Early-Titled-Tuesday-Blitz-February-20-2024"]
[Site "Chess.com"]
[Date "2024.02.20"]
[Round "8"]
[White "InitiatingASC"]
[Black "Dinamo3"]
[Result "1/2-1/2"]
[WhiteElo "2402"]
[BlackElo "2517"]
[TimeControl "180+1"]
[EndTime "9:30:24 PST"]
[Termination "Game drawn by repetition"]

1. d4 Nf6 2. c4 g6 3. Nc3 Bg7 4.
e4 d6 5. Nf3 O-O 6. Be2 e5 7.
d5 a5 8. O-O Na6 9. Ne1 Nc5 10.
f3 Nfd7 11. Be3 f5 12. Nd3 f4 13. Bf2 g5 14. g4 fxg3 15. hxg3 Nxd3 16. Qxd3 Nc5 17.
Bxc5 dxc5 18. Nd1 Qd6 19. Ne3 Bd7 20. g4 a4 21. Kf2 Rab8 22. b3 b5 23. Rh1 Rf4 24.
Rh5 h6 25. Rb1 axb3 26. axb3 Qa6 27. Nf5 bxc4 28. bxc4 Rxb1 29. Qxb1 Bxf5 30. gxf5 g4 31. Rh4 gxf3 32. Rxf4 exf4 33. Kxf3 Qa3+ 34. Kxf4 Qc3 35.
Qb8+ Kh7 36. Qxc7 Qh3 37. Qf7 Qh2+ 38. Kf3 Qh3+ 39. Kf4 Qh4+ 40. Kf3 Qh3+ 41. Kf4 1/2-1/2

[Event "Early-Titled-Tuesday-Blitz-February-20-2024"]
[Site "Chess.com"]
[Date "2024.02.20"]
[Round "8"]
[White "Sanyura"]
[Black "Der_Balak_3Halak"]
[Result "0-1"]
[WhiteElo "2598"]
[BlackElo "2456"]
[TimeControl "180+1"]
[EndTime "9:30:25 PST"]
[Termination "Der_Balak_3Halak won by resignation"]

1. e4 c5 2. Nf3 g6 3. d4 cxd4 4.
Nxd4 Nf6 5. e5 Qa5+ 6. Nc3 Qxe5+ 7. Be2 Nc6 8. Be3 Bg7 9. O-O O-O 10. Qd2 Ne4 11. Nxe4 Nxd4 12. Bd3 Nf5 13. Bf4 Qxb2 14. a4 d5 15. Nc5 Qf6 16. Rfe1 e6 17. Rab1 b6 18.
Be5 Qxe5 19. Rxe5 Bxe5 20. Nb3 Nd6 21. f4 Bg7 22. Rf1 Bb7 23. Qf2 Rac8 24. h4 Ne4 25.
Qe1 Bc3 26. Qd1 Rcd8 27. h5 Ng3 28. hxg6 fxg6 29. Rf3 Nf5 30. Rf1 Ne3 31. Qe2 Nxf1 32. Qxe6+ Rf7 33. Kxf1 d4 34. g3 Bd5 35. Qe5 Bxb3 36. cxb3 Rdd7 37. Bc4 d3 38. Qxc3 d2 39. Be2 Rfe7 40. Bd1 Re1+ 41. Kf2 Rxd1 42. Qc4+ Kg7 43.
Qc3+ Kh6 44. g4 Rf1+ 0-1

[Event "Early-Titled-Tuesday-Blitz-February-20-2024"]
[Site "Chess.com"]
[Date "2024.02.20"]
[Round "8"]
[White "Korchmar_Vasiliy"]
[Black "hansen"]
[Result "1/2-1/2"]
[WhiteElo "2769"]
[BlackElo "2909"]
[TimeControl "180+1"]
[EndTime "9:30:26 PST"]
[Termination "Game drawn by repetition"]

1. e4 d6 2. d4 Nf6 3. Nc3 e5 4. Nf3 Nbd7 5. Bc4 Be7 6. O-O O-O 7. Re1 c6 8. a4 b6 9. h3 a6 10. Be3 Bb7 11. Ba2 b5 12. b4 Qc7 13. Bb3 a5 14. axb5 axb4 15. bxc6 Bxc6 16. Nd5 Bxd5 17. exd5 e4 18.
Nd2 Nb6 19. Rxa8 Rxa8 20. Bg5 Nfxd5 21. Nxe4 Bxg5 22. Nxg5 h6 23. Nf3 Qc3 24. Qe2 g6 25. Qb5 Ra1 26. Rxa1 Qxa1+ 27. Kh2 Qa8 28. Ne1 Qa1 29. Nf3 Qa8 30. h4 Kg7 31. Ne1 Qd8 32. Nf3 Qa8 33. Kg1 Qa1+ 34. Kh2 Qa8 1/2-1/2

[Event "Early-Titled-Tuesday-Blitz-February-20-2024"]
[Site "Chess.com"]
[Date "2024.02.20"]
[Round "8"]
[White "Elnaz_Kaliakhmet"]
[Black "manitodeplomo"]
[Result "1/2-1/2"]
[WhiteElo "2457"]
[BlackElo "2627"]
[TimeControl "180+1"]
[EndTime "9:30:27 PST"]
[Termination "Game drawn by repetition"]

1. d4 Nf6 2. c4 e6 3. Nf3 b6 4. g3 Bb7 5. Bg2 d5 6. O-O dxc4 7. Qa4+ Nbd7 8. Qxc4 a6 9. Nc3 b5 10. Qb3 c5 11. Rd1 Rc8 12. Bg5 Be7 13. dxc5 Rxc5 14. Be3 Rc8 15. a4 b4 16. Na2 Bd5 17. Qd3 a5 18.
Nh4 Ne5 19. Qb5+ Qd7 20. Bxd5 Nxd5 21. Qxa5 Nc4 22. Qa6 O-O 23. Bd4 Bxh4 24. gxh4 e5 25. b3 Rc6 26. Qb5 Qg4+ 27. Kh1 Qe4+ 28. f3 Qxe2 29. Qxd5 Rg6 30. Rg1 exd4 31. Rxg6 hxg6 32. Qxc4 Qxf3+ 33. Kg1 Qg4+ 34. Kf2 Qf4+ 35. Kg2 Qg4+ 36. Kf1 Qf3+ 37. Kg1 Qg4+ 38. Kf2 Qf4+ 39. Kg2 Qg4+ 40. Kf2 1/2-1/2

[Event "Early-Titled-Tuesday-Blitz-February-20-2024"]
[Site "Chess.com"]
[Date "2024.02.20"]
[Round "8"]
[White "shailendrabajpai"]
[Black "noblerone"]
[Result "0-1"]
[WhiteElo "2409"]
[BlackElo "2533"]
[TimeControl "180+1"]
[EndTime "9:30:27 PST"]
[Termination "noblerone won on time"]

1. e4 c5 2. Nc3 Nc6 3. g3 e6 4. Bg2 Nf6 5. Nge2 Be7 6. O-O O-O 7. d4 cxd4 8. Nxd4 a6 9. Be3 Ne5 10. h3 Nc4 11. Bc1 d6 12. b3 Ne5 13. a4 Qc7 14. Bb2 Rb8 15. a5 Bd7 16. Kh2 Rfc8 17. f4 Ng6 18. f5 Ne5 19. fxe6 fxe6 20. Na4 Nc6 21. Nb6 Rf8 22. Nxd7 Qxd7 23. Nxc6 bxc6 24. e5 Nd5 25. Rxf8+ Rxf8 26. c4 Ne3 27. Qd4 Nxg2 28. Kxg2 d5 29. Rf1 Rxf1 30. Kxf1 Bd8 31. Bc3 h6 32.
Kg2 Qb7 33. b4 Qf7 34. cxd5 cxd5 35. Qd3 Qb7 36. Qd4 Be7 37. Qd3 d4+ 0-1

[Event "Early-Titled-Tuesday-Blitz-February-20-2024"]
[Site "Chess.com"]
[Date "2024.02.20"]
[Round "8"]
[White "dmosesov"]
[Black "Nemegejas"]
[Result "0-1"]
[WhiteElo "2604"]
[BlackElo "2815"]
[TimeControl "180+1"]
[EndTime "9:30:28 PST"]
[Termination "Nemegejas won by resignation"]

1. Nf3 d5 2. c4 dxc4 3. Na3 Nf6 4. Nxc4 g6 5. d4 Bg7 6. g3 O-O 7. Bg2 Be6 8. Nce5 Bd5 9. O-O a5 10. b3 a4 11. Ba3 axb3 12. axb3 Nc6 13. Nxc6 Bxc6 14.
e3 Be4 15. Nd2 Bxg2 16. Kxg2 Nd5 17. Qf3 c6 18. Nc4 Qc7 19. Bb2 Rfd8 20. h4 h5 21.
Rfd1 e6 22. Qe2 Nf6 23. e4 Nd7 24. e5 Nb6 25. Nd6 Nd5 26. Qf3 Bf8 27. Ne4 Be7 28. g4 hxg4 29. Qxg4 Kg7 30. h5 Rxa1 31. Rxa1 Rh8 32. Rh1 Qd7 33. hxg6 fxg6 34. Rxh8 Kxh8 35.
Qxg6 Nf4+ 0-1

[Event "Early-Titled-Tuesday-Blitz-February-20-2024"]
[Site "Chess.com"]
[Date "2024.02.20"]
[Round "8"]
[White "the-do0on"]
[Black "le-castor-faineant"]
[Result "0-1"]
[WhiteElo "2057"]
[BlackElo "2286"]
[TimeControl "180+1"]
[EndTime "9:30:28 PST"]
[Termination "le-castor-faineant won by checkmate"]

1. e4 e5 2. f4 d5 3. exd5 exf4 4. d4 Nf6 5. Nf3 Nxd5 6. Bd3 Bd6 7. O-O O-O 8. Re1 Bg4 9. c4 Ne3 10. Bxe3 fxe3 11. Rxe3 Nc6 12. Nc3 Nxd4 13. Bxh7+ Kxh7 14.
Qxd4 Bxf3 15. Qd3+ Kg8 16. Rxf3 Bc5+ 17. Kh1 Qxd3 18.
Rxd3 Rad8 19. Rad1 Be7 20. Nd5 Bd6 21. c5 c6 22.
cxd6 cxd5 23. Rxd5 Rd7 24. Kg1 f6 25. Rb5 Rfd8 26.
Kf1 b6 27. Rbd5 Kf7 28. Ke2 Ke6 29. Ke3 Rxd6 30. Rxd6+ Rxd6 31. Rxd6+ Kxd6 32. Kd4 f5 33.
h4 g6 34. g3 a6 35. a4 Ke6 36. b4 Kd6 37. a5 b5 38. h5 gxh5 39.
Ke3 Kd5 40. Kd3 f4 41. gxf4 h4 42. f5 h3 43. f6 Ke6 44. Kd4 h2 45. Kc5 h1=Q 46.
Kb6 Qa8 47. f7 Kxf7 48. Kc7 Ke6 49. Kb6 Kd5 50. Kc7 Qc6+ 51. Kb8 Qd7 52. Ka8 Kc6 53.
Kb8 Qb7# 0-1

[Event "Early-Titled-Tuesday-Blitz-February-20-2024"]
[Site "Chess.com"]
[Date "2024.02.20"]
[Round "8"]
[White "WiseKing_08"]
[Black "waspofborneo"]
[Result "0-1"]
[WhiteElo "2409"]
[BlackElo "2263"]
[TimeControl "180+1"]
[EndTime "9:30:31 PST"]
[Termination "waspofborneo won by resignation"]

1. e4 a6 2. d4 h6 3. Nf3 b5 4. Bd3 d6 5. Be3 Bb7 6. Nbd2 Nd7 7. a4 bxa4 8. Rxa4 Nb6 9. Ra1 Nf6 10. c4 e6 11. h3 Be7 12. b3 a5 13. Qc2 c5 14.
d5 e5 15. Nh2 g5 16. f3 Bc8 17.
g4 Bd7 18. Nhf1 a4 19. bxa4 Bxa4 20. Qc3 Bd7 21. Ng3 Na4 22. Qc2 Nb6 23. Rxa8 Qxa8 24. Ke2 O-O 25. h4 Nh7 26. Nf5 Bxf5 27. gxf5 Qa4 28.
Qb1 Rb8 29. hxg5 hxg5 30. Qg1 Nd7 31. f6 Bxf6 32. Qh2 Ndf8 33. Qh6 Rb2 34. Rg1 Qa2 35. Kf2 Rxd2+ 36. Bxd2 Qxd2+ 37. Be2 Qd4+ 38. Kg3 Qxg1+ 0-1

[Event "Early-Titled-Tuesday-Blitz-February-20-2024"]
[Site "Chess.com"]
[Date "2024.02.20"]
[Round "8"]
[White "Anton_Demchenko"]
[Black "Rodalquilar"]
[Result "0-1"]
[WhiteElo "2899"]
[BlackElo "2769"]
[TimeControl "180+1"]
[EndTime "9:30:32 PST"]
[Termination "Rodalquilar won by checkmate"]

1. e4 d5 2. exd5 Qxd5 3. Nc3 Qa5 4. Bc4 Nf6 5. Nge2 c6 6. O-O Bg4 7. h3 Bh5 8. d3 e6 9. Qe1 Bxe2 10. Qxe2 Nbd7 11.
Kh1 Qc7 12. f4 O-O-O 13. f5 exf5 14. Rxf5 Re8 15. Qf2 Bc5 16. d4 Bd6 17. Bd2 Re7 18. Rf1 Rhe8 19. Qf3 Qb6 20. Qd3 Qxb2 21. Ra5 Qb6 22.
Na4 Qc7 23. Rxa7 Ne4 24. Be1 Kb8 25. Ra5 Bg3 26. Qa3 Bxe1 27. Nc3 Nb6 28. Nxe4 Rxe4 29. Rxf7 Bg3 30. Raf5 Re1+ 31. Rf1 Qxf7 32. Bxf7 Rxf1# 0-1

[Event "Early-Titled-Tuesday-Blitz-February-20-2024"]
[Site "Chess.com"]
[Date "2024.02.20"]
[Round "8"]
[White "HanSchut"]
[Black "ajeale2"]
[Result "1-0"]
[WhiteElo "2305"]
[BlackElo "2482"]
[TimeControl "180+1"]
[EndTime "9:30:35 PST"]
[Termination "HanSchut won on time"]

1. e4 g6 2. d4 Bg7 3. Nc3 c5 4. dxc5 Qa5 5. Bd2 Qxc5 6. Nf3 Nf6 7. Bd3 a6 8. Qe2 b5 9. e5 Ng4 10. Ne4 Qc7 11. Nd6+ Kf8 12. Nxc8 Qxc8 13. Qe4 d5 14. exd6 Nc6 15. dxe7+ Kg8 16. h3 Nf6 17. Qe2 Ra7 18. O-O Rxe7 19. Qd1 h6 20. Re1 Rxe1+ 21. Qxe1 Kh7 22. a4 Re8 23. Qf1 Nd5 24. axb5 axb5 25.
Bxb5 Bxb2 26. Re1 Rxe1 27. Qxe1 Ncb4 28. c4 Nd3 29. Qb1 Nxf2 30. Kxf2 Qc5+ 31. Kf1 Nf6 32. Qxb2 Ne4 33. Bc3 Ng3+ 34. Ke1 Qe3+ 35. Kd1 Qd3+ 36. Bd2 Qf1+ 37. Kc2 Qxg2 38. Qf6 Kg8 39. Ne5 1-0

[Event "Early-Titled-Tuesday-Blitz-February-20-2024"]
[Site "Chess.com"]
[Date "2024.02.20"]
[Round "8"]
[White "GeorgiosSouleidis"]
[Black "KononenkoD"]
[Result "0-1"]
[WhiteElo "2679"]
[BlackElo "2539"]
[TimeControl "180+1"]
[EndTime "9:30:36 PST"]
[Termination "KononenkoD won on time"]

1. e4 c6 2. Nc3 d5 3. Nf3 Bg4 4. h3 Bxf3 5. Qxf3 e6 6. d4 Nf6 7. a3 dxe4 8. Qe3 Nd5 9. Qxe4 Nxc3 10. bxc3 Nd7 11. Bd3 Nf6 12. Qh4 Be7 13. O-O Nd5 14. Qg3 Nxc3 15. Bb2 Qxd4 16. Kh1 Bf6 17. a4 O-O 18. Ra3 Ne2 19. Bxe2 Qxb2 20. Rb3 Qxc2 21. Bd3 Qc5 22. Rxb7 Rad8 23. Rfb1 g6 24. Qf3 Kg7 25.
Be4 Rd2 26. Kg1 Rxf2 27. Qxf2 Bd4 28. Rf1 Bxf2+ 29. Rxf2 Kh6 30. g4 f5 31. gxf5 exf5 32. Bf3 Re8 33. Kg2 Re3 34. Rc7 Qd6 35. Rxc6 Qf4 0-1

[Event "Early-Titled-Tuesday-Blitz-February-20-2024"]
[Site "Chess.com"]
[Date "2024.02.20"]
[Round "8"]
[White "ural58"]
[Black "DKmirl"]
[Result "0-1"]
[WhiteElo "2492"]
[BlackElo "2328"]
[TimeControl "180+1"]
[EndTime "9:30:36 PST"]
[Termination "DKmirl won on time"]

1. e4 c5 2. b3 Nc6 3. Bb2 d6 4. f4 Nf6 5. Qf3 e5 6. Bb5 Qc7 7. Ne2 Bg4 8. Qe3 Be7 9. fxe5 dxe5 10. Ng3 h5 11. Bxc6+ bxc6 12. h3 Be6 13. O-O h4 14.
Nf5 O-O-O 15. Nxg7 Rdg8 16. Nxe6 fxe6 17. Nc3 Rg3 18. Rf3 Rhg8 19. Rxg3 Rxg3 20. Qh6 Qd8 21. d3 Qd4+ 22. Kf1 Qd8 23. Re1 Qg8 24. Re2 Qf7 25.
Ke1 Nd7 26. Rf2 Qg8 27. Ne2 Bg5 28. Qh5 Be3 29. Rf7 Rxg2 30. Qh7 Qd8 31. c4 Qa5+ 32.
Kf1 Rf2+ 33. Kg1 Rxf7+ 0-1

[Event "Early-Titled-Tuesday-Blitz-February-20-2024"]
[Site "Chess.com"]
[Date "2024.02.20"]
[Round "8"]
[White "abeljusto"]
[Black "Sofia_Blokhin"]
[Result "1-0"]
[WhiteElo "2106"]
[BlackElo "2225"]
[TimeControl "180+1"]
[EndTime "9:30:36 PST"]
[Termination "abeljusto won on time"]

1. d4 f5 2. e4 fxe4 3. Nc3 Nf6 4. f3 exf3 5. Nxf3 d5 6. Bd3 Bg4 7. O-O Nc6 8. Be3 e5 9. dxe5 Nxe5 10. Be2 Bxf3 11. Bxf3 c6 12. Qd4 Bd6 13. Rae1 O-O 14. Bg5 Qc7 15. g3 Nfd7 16. Kg2 Bc5 17. Qh4 Nxf3 18.
Rxf3 Rxf3 19. Kxf3 Ne5+ 20. Kg2 Ng6 21. Qg4 Rf8 22.
Qe6+ Kh8 23. Re2 Qb6 24. Na4 Qb5 25. Nxc5 Qxc5 26. c3 d4 27. Bd2 dxc3 28. Bxc3 Qd5+ 29. Qxd5 cxd5 30. Bd4 b6 31. h4 Rc8 32. h5 Nf8 33. Re7 Rc2+ 34. Kh3 Ne6 35. Rxe6 Kg8 36. Re7 Kf8 37.
Rxa7 Rd2 38. Bxg7+ 1-0

[Event "Early-Titled-Tuesday-Blitz-February-20-2024"]
[Site "Chess.com"]
[Date "2024.02.20"]
[Round "8"]
[White "Elsa167"]
[Black "mr_gustavo"]
[Result "0-1"]
[WhiteElo "2883"]
[BlackElo "2749"]
[TimeControl "180+1"]
[EndTime "9:30:37 PST"]
[Termination "mr_gustavo won on time"]

1. e4 c6 2. d4 d5 3. exd5 cxd5 4. Bd3 Nc6 5. c3 Nf6 6. h3 g6 7. Nf3 Bf5 8. Ne5 Bg7 9. Bf4 O-O 10. Bxf5 gxf5 11.
Nd3 Qd7 12. Nd2 Ne4 13. f3 Nxd2 14.
Qxd2 f6 15. Nc5 Qc8 16. O-O b6 17. Nb3 Qd7 18. Bh6 e5 19. Bxg7 Kxg7 20. Qd3 f4 21.
Rfd1 Rad8 22. Rac1 Kh8 23. c4 Rg8 24. Kh2 e4 25. fxe4 Rg3 26. Qf1 Rdg8 27. cxd5 f3 28. gxf3 Qg7 29. Rd2 Qh6 30. f4 Nb4 31. Rc3 Qh4 32.
Rxg3 Qxg3+ 33. Kh1 Nxa2 34. Rd3 Qg6 35. d6 Qxe4+ 36.
Qf3 Qe1+ 0-1

[Event "Early-Titled-Tuesday-Blitz-February-20-2024"]
[Site "Chess.com"]
[Date "2024.02.20"]
[Round "8"]
[White "NikitaShnadrygin"]
[Black "ImportedItalianMaple"]
[Result "1/2-1/2"]
[WhiteElo "2696"]
[BlackElo "2533"]
[TimeControl "180+1"]
[EndTime "9:30:37 PST"]
[Termination "Game drawn by repetition"]

1. e4 g6 2. d4 Bg7 3. Nc3 d5 4.
exd5 Nf6 5. Bc4 Nbd7 6. Bb3 Nb6 7. Nge2 a5 8. a3 a4 9. Ba2 Nbxd5 10. Nxd5 Nxd5 11. c4 Nf6 12. O-O O-O 13. h3 b6 14.
Be3 Bb7 15. d5 c5 16. Nc3 Qd7 17. b3 axb3 18. Qxb3 Ra6 19. Rad1 Rfa8 20. Nb5 Ne4 21. Bf4 Nd6 22. Bxd6 exd6 23. Bb1 Qd8 24. Rfe1 Bc8 25. Qg3 Bd7 26. Nxd6 Rxa3 27. Qf4 Qf6 28. Qxf6 Bxf6 29. Ne4 Bd4 30. Rxd4 cxd4 31. Nf6+ Kg7 32. Nxd7 R8a6 33. d6 Rc3 34. Ne5 b5 35. d7 Rd6 36. cxb5 f6 37.
Nf3 Rxd7 38. Rd1 d3 39. Kf1 Rb3 40. Ke1 Re7+ 41. Kf1 Rd7 42. Ke1 Re7+ 43. Kf1 Rd7 1/2-1/2

[Event "Early-Titled-Tuesday-Blitz-February-20-2024"]
[Site "Chess.com"]
[Date "2024.02.20"]
[Round "8"]
[White "tetrix83"]
[Black "GrotBchess"]
[Result "1-0"]
[WhiteElo "2517"]
[BlackElo "2367"]
[TimeControl "180+1"]
[EndTime "9:30:38 PST"]
[Termination "tetrix83 won by checkmate"]

1. e4 c5 2. Nf3 e6 3. g3 Nc6 4. Bg2 Nf6 5. d3 d6 6. O-O e5 7. Nc3 Be7 8. a4 Be6 9. Ng5 Bg4 10. f3 Bh5 11. g4 Bg6 12. f4 exf4 13. Bxf4 h5 14. h3 hxg4 15. hxg4 Ne5 16. Nf3 Nexg4 17. Qe1 Qb6 18. a5 Qd8 19. a6 bxa6 20. Rxa6 Rh5 21.
Qg3 Rb8 22. b3 Rb6 23. Rxa7 Kf8 24. Rfa1 Kg8 25. Nh4 Nxe4 26. Nxg6 Nxg3 27. Nxe7+ Kh7 28. Bxg3 Nf6 29. Ne4 Nxe4 30. Bxe4+ Kh6 31. Bf4+ g5 32. Nf5+ Kh7 33. Rxf7+ Kg8 34. Rg7+ Kf8 35. Raa7 gxf4 36. Raf7+ Ke8 37. Re7+ Kf8 38. Ref7+ Ke8 39. Bd5 Rg5+ 40. Kf2 Rxg7 41. Nxg7# 1-0